 Dungeon Crawl Stone Soup version 0.30-a0-341-g682706514a (webtiles) character file.

Game seed: 9033008217000725056

614 Decritt the Trooper (level 7, 0/54 HPs)
             Began as a Djinni Hedge Wizard on Nov 3, 2022.
             Killed by nerve-wracking pain
             ... invoked by Grinder
              (7 damage)
             ... on level 3 of the Dungeon.
             The game lasted 00:11:34 (5010 turns).

Decritt the Trooper (Djinni Hedge Wizard)           Turns: 5010, Time: 00:11:35

Health: 0/54       AC:  3    Str:  9    XL:     7   Next: 73%
Gold:   128        EV: 12    Int: 18    God:
                   SH:  0    Dex: 12

rFire   + + .      SeeInvis .    a - +0 dagger
rCold   x . .      Faith    .    (no shield)
rNeg    . . .      Spirit   .    b - +0 robe
rPois   ∞          Reflect  .    e - +0 helmet
rElec   .          Harm     .    (no cloak)
rCorr   .          Rampage  .    (no gloves)
Will    .....                    (boots unavailable)
Stlth   ++........               (no amulet)
HPRegen 0.29/turn                (no ring)
MPRegen 0.00/turn                (no ring)

@: on blink cooldown, flying
A: sickness immunity, fire resistance 2, cold vulnerability 1, float, innate
caster, HP casting, extra vitality 1
a: no special abilities


You were on level 3 of the Dungeon.
You visited 1 branch of the dungeon, and saw 4 of its levels.

You collected 128 gold pieces.

Inventory:

Hand Weapons
 a - a +0 dagger (weapon)
Armour
 b - a +0 robe (worn)
 c - a +0 hat
 e - a +0 helmet (worn)
Scrolls
 i - a scroll of fear
 r - a scroll of identify
Potions
 d - a potion of ambrosia {unknown}
 f - a potion of attraction {unknown}
 g - 2 potions of heal wounds
 h - 3 potions of curing
 j - 3 potions of flight
 m - a potion of resistance {unknown}


   Skills:
 + Level 5.3 Fighting
 - Level 2.1 Dodging
 - Level 1.5 Stealth
 + Level 4.8 Spellcasting


You couldn't memorise any spells.
You knew the following spells:

 Your Spells              Type           Power      Damage    Failure   Level
a - Magic Dart            Conj           84%        1d7       1%          1
b - Poisonous Vapours     Pois/Air       42%        N/A       2%          2
c - Hailstorm             Conj/Ice       21%        3d6       5%          3
d - Mephitic Cloud        Conj/Pois/Air  21%        N/A       5%          3
e - Blink                 Tloc           42%        N/A       2%          2
f - Call Imp              Summ           21%        N/A       2%          2
g - Beastly Appendage     Tmut           42%        N/A       1%          1
h - Slow                  Hex            84%        N/A       1%          1
i - Cigotuvi's Dreadful   Necr/Pois/Air  42%        N/A       2%          2
Your spell library was empty.

Dungeon Overview and Level Annotations

Branches:
Dungeon (4/15)
 Temple: D:4-7

Altars:
Elyvilon
Hepliaklqana
Ru

Annotations:
D:3 Grinder
D:4 Eustachio, Sigmund


Innate Abilities, Weirdness & Mutations

You are immune to sickness and miasma.
You are immune to poison.
Your flesh is very heat resistant. (rF++)
You are vulnerable to cold. (rC-)
You float through the air rather than walking.
You learn spells naturally, not from books.
Your magical power is your life essence.
You have superior vitality. (+4 MHP)


Message History

Grinder is heavily wounded.
Grinder closely misses you.
Casting: Magic Dart (safe; 1% risk of failure)
Confirm with . or Enter, or press ? or * to list all spells.
Aiming: Magic Dart (safe; 1% risk of failure)
Press: ? - help, Shift-Dir - straight line, f/p - Grinder
Aim: Grinder (heavily wounded, 100% to hit)
The magic dart hits Grinder.
Grinder is heavily wounded.
Grinder hits you.
* * * LOW HITPOINT WARNING * * *
You writhe in agony.
* * * LOW HITPOINT WARNING * * *
Casting: Magic Dart (safe; 1% risk of failure)
Confirm with . or Enter, or press ? or * to list all spells.
Aiming: Magic Dart (safe; 1% risk of failure)
Press: ? - help, Shift-Dir - straight line, f/p - Grinder
Aim: Grinder (heavily wounded, 100% to hit)
The magic dart hits Grinder but does no damage.
Grinder is heavily wounded.
* * * LOW HITPOINT WARNING * * *
Grinder hits you.
* * * LOW HITPOINT WARNING * * *
You writhe in agony.
* * * LOW HITPOINT WARNING * * *
Casting: Magic Dart (safe; 1% risk of failure)
Confirm with . or Enter, or press ? or * to list all spells.
You blink.
* * * LOW HITPOINT WARNING * * *
Casting: Blink (safe; 2% risk of failure)
Confirm with . or Enter, or press ? or * to list all spells.
Casting: Hailstorm (dangerous; 5% risk of failure)
Press: ? - help, Dir - look around, f - activate A cannonade of hail descends around you!
The hail pelts Grinder.
Grinder partially resists.
Grinder is severely wounded.
* * * LOW HITPOINT WARNING * * *
Grinder gestures at you. Pain shoots through your body!
You die...

.##.......................)#.....
##.⌠.......######..........#####.
#..........# #..........# #.
...........# #..........# ##
...........# #..........###
...........#### ####.........#
...........'..### #.........#
##.........##...## #.........#
#.........####.@###.........#
########### ##..##.........#
##5###.########
#################.....#
....#.........##..§####
###.#.#######.##.### ..#.#.#
#.##.# ..#.#.# #.##.# ###.#.#
#.##.#


You could see Grinder.

Vanquished Creatures
  A phantom (D:4)
  A necrophage (D:4)
  2 scorpions (D:4)
  An orc priest (D:3)
  An iguana (D:4)
  2 bullfrog skeletons (D:4)
  An orc wizard (D:3)
  2 scorpion zombies (D:4)
  3 hound zombies (D:4)
  A hound skeleton (D:4)
  A howler monkey skeleton (D:4)
  3 adders
  2 worms
  4 dart slugs
  9 orcs
  4 ball pythons
  3 bats
  4 endoplasms
  A giant cockroach (D:1)
  13 goblins
  5 hobgoblins
  2 jackals (D:2)
  10 kobolds
  2 quokkas (D:1)
  3 frilled lizards
  3 rats
84 creatures vanquished.

Vanquished Creatures (others)
  3 withered plants (D:4)
3 creatures vanquished.

Grand Total: 87 creatures vanquished

Notes
Turn   | Place    | Note
-------+----------+-------------------------------------------
     0 | D:1      | Decritt the Djinni Hedge Wizard began the quest for the
                  | Orb.
     0 | D:1      | Decritt set off with the following spells memorised: Magic
                  | Dart, Slow, Blink, Call Imp, Cigotuvi's Dreadful Rot,
                  | Mephitic Cloud.
     0 | D:1      | Reached XP level 1. HP: 15/15 MP: 0/0
    86 | D:1      | Reached skill level 1 in Fighting
    86 | D:1      | Reached XP level 2. HP: 14/22 MP: 0/0
   266 | D:1      | Reached XP level 3. HP: 23/27 MP: 0/0
   266 | D:1      | Learned a level 1 spell: Beastly Appendage
   728 | D:2      | Reached skill level 2 in Fighting
   914 | D:2      | Reached XP level 4. HP: 25/33 MP: 0/0
   949 | D:2      | Found a sacrificial altar of Ru.
  1587 | D:3      | Found a faded altar of an unknown god.
  1648 | D:4      | Noticed a scorpion
  2027 | D:3      | Reached XP level 5. HP: 35/40 MP: 0/0
  2027 | D:3      | Learned a level 2 spell: Poisonous Vapours
  2373 | D:3      | Reached skill level 3 in Fighting
  2707 | D:3      | Found a white marble altar of Elyvilon.
  2852 | D:4      | Found a hazy altar of Hepliaklqana.
  3142 | D:4      | Reached XP level 6. HP: 25/47 MP: 0/0
  3376 | D:4      | Reached skill level 4 in Fighting
  3755 | D:4      | Noticed Sigmund
  3755 | D:4      | Noticed Grinder
  3802 | D:4      | Reached XP level 7. HP: 14/53 MP: 0/0
  3802 | D:4      | Learned a level 3 spell: Hailstorm
  3803 | D:4      | Paralysed by Grinder for 2 turns
  4311 | D:4      | Noticed Eustachio
  4588 | D:4      | Reached skill level 5 in Fighting
  5010 | D:3      | Killed from afar by Grinder

Illustrated notes

Levels and vault maps discovered:
D:1:      sevenhm_arrival_forest_fort_small_6, layout_rooms, minmay_tromino_v4_c
D:2:      layout_loops_ring, basic_altar
D:3:      layout_basic, nicolae_overflow_ecumenical_swirl, minmay_misc_feat_chi
D:4:      layout_basic, worldfamousw_hep_ancestral_shrine, serial_undead,
          serial_undead_c, serial_undead_e, serial_undead_d, serial_undead_a,
          grunt_ministairs_12, uniq_eustachio, uniq_sigmund, uniq_grinder

Skill      XL: |  1  2  3  4  5  6  7 |
---------------+----------------------+-----
Fighting       | 1 2 3 4 5 |  5.3
Spellcasting   | 3 4 |  4.8
Dodging        | |  2.1
Stealth        | |  1.5

Action                   |  1- 3 |  4- 6 |  7- 9 || total
-------------------------+-------+-------+-------++-------
Melee: Dagger            |     3 |       |       ||     3
 Cast: Magic Dart        |    99 |   131 |    69 ||   299
       Blink             |       |     3 |     2 ||     5
       Poisonous Vapours |       |    28 |    13 ||    41
       Hailstorm         |       |       |     3 ||     3
       Mephitic Cloud    |       |       |     1 ||     1
  Use: Scroll            |       |     9 |       ||     9
Armor: Robe              |     4 |    11 |    16 ||    31
Dodge: Dodged            |     9 |    49 |    29 ||    87

Table legend: (Time is in decaauts)
 A = Elapsed time spent in this place.
 B = Non-inter-level travel time spent in this place.
 C = Inter-level travel time spent in this place.
 D = Time resting spent in this place.
 E = Time spent auto-exploring this place.
 F = Levels seen in this place.
 G = Mean time per level.
                   A        B        C        D        E       F      G
               +--------+--------+--------+--------+--------+-----+--------+
         Total |   5014 |   4881 |    133 |   1713 |   2291 |   4 | 1253.5 |
       Dungeon |   5014 |   4881 |    133 |   1713 |   2291 |   4 | 1253.5 |
               +--------+--------+--------+--------+--------+-----+--------+

Top non-repeatable levels by time:
     D:4: 1802 daAuts
     D:3: 1573 daAuts
     D:2: 985 daAuts
     D:1: 653 daAuts
